 Dungeon Crawl Stone Soup version 0.28-a0-793-g31680bbd8b (webtiles) character file.

Game seed: 2909044369170062518

317 Essalna the Firebug (level 6, -11/41 HPs)
             Began as a Demonspawn Fire Elementalist on Nov 5, 2021.
             Mangled by a wight (16 damage)
             ... on level 4 of the Dungeon.
             The game lasted 00:05:48 (4431 turns).

Essalna the Firebug (Demonspawn Fire Elementalist)  Turns: 4431, Time: 00:05:48

Health: -11/41     AC:  2    Str:  8    XL:     6   Next: 20%
Magic:  4/11       EV: 12    Int: 18    God:
Gold:   146        SH:  0    Dex: 14    Spells: 9/12 levels left

rFire   . . .      SeeInvis .   m - +0 short sword (venom)
rCold   . . .      Faith    .   (no shield)
rNeg    . . .      Spirit   .   a - +0 robe
rPois   .          Reflect  .   (no helmet)
rElec   .          Harm     .   (no cloak)
rCorr   .          Rampage  .   (no gloves)
Will    .....                   (no boots)
Stlth   ++........              (no amulet)
HPRegen 0.13/turn               (no ring)
MPRegen 0.12/turn               (no ring)

@: very slightly contaminated
A: ignite blood 2, demonic touch 1
a: no special abilities


You were on level 4 of the Dungeon.
You visited 1 branch of the dungeon, and saw 4 of its levels.

You collected 146 gold pieces.

Inventory:

Hand Weapons
 m - a +0 short sword of venom (weapon)
Armour
 a - a +0 robe (worn)
Wands
 q - a wand of acid (13)
Scrolls
 b - 2 scrolls of silence {unknown}
 c - a scroll of noise {unknown}
 d - 2 scrolls of teleportation {unknown}
 e - a scroll of immolation {unknown}
 g - a scroll of enchant armour {unknown}
 h - a scroll of magic mapping {unknown}
 i - a scroll of amnesia {unknown}
 l - a scroll of identify {unknown}
 o - a scroll of fog {unknown}
 p - a scroll of vulnerability {unknown}
Potions
 f - a potion of invisibility {unknown}
 j - a potion of might {unknown}
 k - 2 potions of heal wounds {unknown}
 n - a potion of cancellation {unknown}
 r - a potion of flight {unknown}


   Skills:
 - Level 1.7 Dodging
 - Level 1.7 Stealth
 + Level 3.8 Spellcasting
 + Level 3.7 Conjurations
 + Level 4.2 Fire Magic


You had 9 spell levels left.
You knew the following spells:

 Your Spells              Type           Power      Damage    Failure   Level
a - Foxfire               Conj/Fire      68%        2x1d7     3%          1
b - Scorch                Fire           36%        2d6       4%          2

Your spell library contained the following spells:

 Spells                   Type           Power      Damage    Failure   Level
 Conjure Flame            Conj/Fire      17%        6-21      9%          3
 Animate Skeleton         Necr           6%         N/A       16%         1
 Apportation              Tloc           6%         N/A       16%         1
 Summon Small Mammal      Summ           12%        N/A       16%         1
 Inner Flame              Hex/Fire       11%        N/A       19%         3
 Corpse Rot               Necr/Air       6%         N/A       22%         2
 Ensorcelled Hibernation  Hex/Ice        6%         N/A       22%         2
 Flame Wave               Conj/Fire      17%        3d5       28%         4
 Tukima's Dance           Hex            3%         N/A       41%         3
 Dispel Undead            Necr           3%         3d7       83%         4
 Death Channel            Necr           1%         N/A       100%        6


Dungeon Overview and Level Annotations

Branches:
Dungeon (4/15)
 Temple: D:4-7

Altars:
Elyvilon
Uskayaw


Innate Abilities, Weirdness & Mutations

Your demonic aura often causes spilled blood to erupt in flames.
Your touch may inflict minor irresistible damage on your foes.


Message History

Increase (S)trength, (I)ntelligence, or (D)exterity?
You feel clever.
Your demonic ancestry asserts itself...
Your blood runs red-hot!
A wight comes into view. It is wielding a +2 war axe.
Found a scroll labelled VOTUKH ESOUR.
A wight comes into view. It is wielding a +5 battleaxe.
You conjure some foxfire!
You conjure some foxfire!
You miscast Foxfire.
You are very lightly contaminated with residual magic.
Nothing appears to happen.
The foxfire hits the wight.
The wight is moderately damaged.
The foxfire hits the wight but does no damage.
The wight is moderately damaged.
The foxfire hits the wight but does no damage.
The wight is moderately damaged.
You conjure some foxfire!
The wight hits you with a +2 war axe!
You barely miss the wight.
The wight is moderately damaged.
The foxfire hits the wight but does no damage.
The wight is moderately damaged.
The foxfire hits the wight but does no damage.
The wight is moderately damaged.
The wight hits you with a +2 war axe. The wight hits you with a +5 battleaxe!
You feel drained.
* * * LOW HITPOINT WARNING * * *
The wight is engulfed in blazing flames.
Casting: Foxfire (safe; 3% risk of failure)
Confirm with . or Enter, or press ? or * to list all spells.
Flames lash the wight.
You destroy the wight!
The wight hits you with a +2 war axe.
* * * LOW HITPOINT WARNING * * *
Your life force feels restored.
Casting: Scorch (safe; 4% risk of failure)
Confirm with . or Enter, or press ? or * to list all spells.
Flames lash the wight.
The wight is almost destroyed.
The wight's fire resistance burns away.
The wight hits you with a +2 war axe!
You die...

###########
###.°z°.?....
####...@°.......
.......○##.....#
#....##..# #####
.... #..## ...
##..# .. #..## .
##..# ####
####.## #..##
#.....# ##...#


You could see a wight (combustible).

Vanquished Creatures
  A black bear (D:4)
  A water moccasin skeleton (D:4)
  A wight (D:4)
  A hound (D:4)
  4 adders
  A worm (D:2)
  2 dart slugs (D:2)
  4 orcs
  7 endoplasms
  5 giant cockroaches
  7 goblins
  8 hobgoblins
  3 quokkas
  6 ball pythons
  4 bats
  3 frilled lizards
  2 kobolds
  7 rats
67 creatures vanquished.

Vanquished Creatures (others)
  191 foxfires
191 creatures vanquished.

Grand Total: 258 creatures vanquished

Notes
Turn   | Place    | Note
-------+----------+-------------------------------------------
     0 | D:1      | Essalna the Demonspawn Fire Elementalist began the quest
                  | for the Orb.
     0 | D:1      | Reached XP level 1. HP: 13/13 MP: 3/3
   604 | D:1      | Gained mutation: Your demonic aura sometimes causes spilled
                  | blood to erupt in flames. [demonic ancestry]
   604 | D:1      | Reached XP level 2. HP: 19/19 MP: 0/5
  1010 | D:2      | Reached skill level 3 in Fire Magic
  1745 | D:2      | Reached XP level 3. HP: 24/24 MP: 4/6
  2028 | D:2      | Learned a level 2 spell: Scorch
  2666 | D:3      | Gained mutation: Your touch may inflict minor irresistible
                  | damage on your foes. [demonic ancestry]
  2666 | D:3      | Reached XP level 4. HP: 30/30 MP: 4/8
  2889 | D:3      | Found a hide-covered altar of Uskayaw.
  3100 | D:3      | Found a faded altar of an unknown god.
  4079 | D:4      | Reached XP level 5. HP: 27/35 MP: 5/9
  4368 | D:4      | Noticed a black bear
  4373 | D:4      | Killed a black bear
  4374 | D:4      | Reached skill level 4 in Fire Magic
  4374 | D:4      | Gained mutation: Your demonic aura often causes spilled
                  | blood to erupt in flames. [demonic ancestry]
  4374 | D:4      | Reached XP level 6. HP: 41/41 MP: 6/11
  4431 | D:4      | Mangled by a wight

Illustrated notes

Levels and vault maps discovered:
D:1:      psy_arrival_whirlpool, layout_basic, chequers_serial_rivers_large_a,
          hangedman_glass_teeth, skrybe_limestone_x
D:2:      layout_loops_cross, minivault_5, minmay_misc_feat_four_crosses
D:3:      layout_basic, eat_drink_and_be_merry_uskayaw,
          shapermc_ecumenical_altar_ellora, minivault_27
D:4:      layout_cave_pods, nemelex_spade_bored_becter, old_standard_altar,
          hangedman_abyss_or_decor_lesser_grid

Skill      XL: |  1  2  3  4  5 |
---------------+----------------+-----
Fire Magic     | 3 4 |  4.2
Conjurations   | 2 3 |  3.7
Spellcasting   | 3 |  3.8
Dodging        | |  1.7
Stealth        | |  1.7

Action                   |  1- 3 |  4- 6 || total
-------------------------+-------+-------++-------
Melee: Morningstar       |    55 |     4 ||    59
       Short sword       |       |    17 ||    17
       Unarmed           |       |    11 ||    11
       Touch             |       |     6 ||     6
 Cast: Foxfire           |    60 |    57 ||   117
       Scorch            |       |     3 ||     3
 Stab: Sleeping          |     5 |     1 ||     6
Armor: Robe              |    18 |     3 ||    21
Dodge: Dodged            |    50 |    18 ||    68

Table legend: (Time is in decaauts)
 A = Elapsed time spent in this place.
 B = Non-inter-level travel time spent in this place.
 C = Inter-level travel time spent in this place.
 D = Time resting spent in this place.
 E = Time spent auto-exploring this place.
 F = Levels seen in this place.
 G = Mean time per level.
                   A        B        C        D        E       F      G
               +--------+--------+--------+--------+--------+-----+--------+
         Total |   4470 |   4335 |    135 |      0 |   3803 |   4 | 1117.5 |
       Dungeon |   4470 |   4335 |    135 |      0 |   3803 |   4 | 1117.5 |
               +--------+--------+--------+--------+--------+-----+--------+

Top non-repeatable levels by time:
     D:2: 1676 daAuts
     D:3: 1156 daAuts
     D:1: 1022 daAuts
     D:4: 615 daAuts
